Selects Australian Defense Battlegroup
Selects Australian Light Infantry Section
Australian Light Infantry Section
Australian Light Infantry Section
Construct Field Infirmary
Construct Section Command Post
Selects Defensive Tactics
Construct Platoon Command Post
Australian Light Infantry Section
Unlock M3 Stuart Light Tanks
Selects CMP 15cwt Supply Run
Selects Artillery Trip Wire Flares
Australian Light Infantry Section
Construct Company Command Post
Selects Charged Creeping Barrage
Unlock M3 Grant Medium Tanks